 Dungeon Crawl Stone Soup version 0.18.1-48-g4cf74bf (webtiles) character file.

74 Jerry the Caller (level 4, 0/30 HPs)
             Began as a Merfolk Summoner on July 14, 2016.
             Succumbed to a kobold's poison
             ... on level 2 of the Dungeon.
             The game lasted 00:11:31 (2406 turns).

Jerry the Caller (Merfolk Summoner)                 Turns: 2406, Time: 00:11:32

Health: 0/30       AC:  5    Str:  8    XL:     4   Next: 28%
Magic:  5/7        EV: 13    Int: 15    God:
Gold:   65         SH:  0    Dex: 14    Spells: 1 memorised, 6 levels left

rFire  . . .     SeeInvis .     y - +0 spear
rCold  . . .     Gourm    .     j - +2 leather armour {rPois}
rNeg   . . .     Faith    .     (no shield)
rPois  +         Spirit   .     (no helmet)
rElec  .         Dismiss  .     (no cloak)
rCorr  .         Reflect  .     (no gloves)
SustAt .         Harm     .     (no boots)
MR     .....     Rnd*Tele +     (no amulet)
Stlth  ++........               w - +4 ring of slaying
                                h - ring of teleportation (curse)

@: lethally poisoned (0 -> -9), not resistant to hostile enchantments,
unstealthy
A: change form in water, swift swim
a: no special abilities


You were on level 2 of the Dungeon.
You were hungry.

You visited 1 branch of the dungeon, and saw 3 of its levels.

You collected 65 gold pieces.

Inventory:

Hand Weapons
 d - a +0 short sword
 f - a +0 hunting sling
 x - a +0 trident
 y - a +0 spear (weapon)
Missiles
 g - 116 stones (quivered)
 l - 16 sling bullets
Armour
 a - a +0 robe
 j - a +2 leather armour of poison resistance (worn)
Jewellery
 h - a cursed ring of teleportation (left hand)
 i - an uncursed ring of protection from cold
 w - a +4 ring of slaying (right hand)
Scrolls
 m - a scroll of amnesia {unknown}
 n - 7 scrolls of immolation {unknown}
 o - 5 scrolls of identify {unknown}
 s - 2 scrolls of teleportation {unknown}
 u - a scroll of remove curse {unknown}
Potions
 e - a potion of heal wounds {unknown}
 p - a potion of ambrosia {unknown}
 q - a potion of might {unknown}
 r - a potion of curing {unknown}
 t - 2 potions of degeneration {unknown}
 v - a potion of flight {unknown}
Books
 b - a book of Callings

   Spells                             Type                      Level
   a - Summon Small Mammal            Summoning                    1
   b - Call Imp                       Summoning                    2
   c - Call Canine Familiar           Summoning                    3
   d - Summon Guardian Golem          Hexes/Summoning              3
   e - Summon Lightning Spire         Summoning/Air                4
   f - Summon Ice Beast               Ice/Summoning                4
Comestibles
 c - 2 bread rations
 k - 3 meat rations
 z - 3 chunks of flesh


   Skills:
 + Level 1.3 Polearms
 + Level 4.2 Dodging
 - Level 2.1 Stealth
 - Level 2.0 Spellcasting
 + Level 4.9 Summonings


You had 6 spell levels left.
You knew the following spells:

 Your Spells              Type           Power        Failure   Level  Hunger
a - Summon Small Mammal   Summ           ###.         6%          1    #......


Dungeon Overview and Level Annotations

Branches:
Dungeon (3/15)

Altars:
Cheibriados
Ru

Annotations:
D:3 schammes's ghost, amateur DsFi


Message History

* * * LOW HITPOINT WARNING * * *
You feel sick.
The kobold dies!
The goblin hits you but does no damage.
* * * LOW HITPOINT WARNING * * *
You feel sick. The goblin barely misses you.
The gnoll hits your quokka but does no damage.
There is a stone staircase leading up here.
You see here 5 poisoned needles.
* * * LOW HITPOINT WARNING * * *
You feel sick. The adder bites you.
* * * LOW HITPOINT WARNING * * *
The goblin hits you but does no damage. The goblin hits you.
* * * LOW HITPOINT WARNING * * *
Your quokka misses the adder.
The gnoll hits your quokka but does no damage.
The adder bites you.
* * * LOW HITPOINT WARNING * * *
You climb upwards.
You die...

#.# ##............. #.#
#.##.#.._...#. #.#
#.##..........
#.############
#.####.##.####
#[...........# #.####.##.#
......######.#
####.........# #.###.####
#.# #............# #.#
#....###.####g##.####.####
#.# #..........S@g##.# #.#
#.###....###.#######.# #.#
#........# #.# #.# #.#
#.###....###.# #.# #.#
#.##.†.....#.# #.# #.#
#.)..^.......# #.####.##
####.......### #...<...#
###>..### #####...###
#...# #......#


You could see an adder and 2 goblins.

Vanquished Creatures
  2 gnolls (D:3)
  An ooze (D:2)
  A worm (D:2)
  2 dart slugs
  An orc (D:3)
  2 giant cockroaches
  6 goblins
  4 hobgoblins (D:2)
  5 jackals
  6 kobolds
  3 bats
  2 giant newts
  7 rats
42 creatures vanquished.

Vanquished Creatures (collateral kills)
  A goblin (D:1)
  2 kobolds
3 creatures vanquished.

Vanquished Creatures (others)
  A kobold (D:3)
1 creature vanquished.

Grand Total: 46 creatures vanquished

Notes
Turn   | Place    | Note
--------------------------------------------------------------
     0 | D:1      | Jerry the Merfolk Summoner began the quest for the Orb.
     0 | D:1      | Reached XP level 1. HP: 13/13 MP: 3/3
   458 | D:1      | Reached XP level 2. HP: 14/19 MP: 5/5
   955 | D:2      | Reached XP level 3. HP: 24/24 MP: 6/6
  1121 | D:2      | Found a snail-covered altar of Cheibriados.
  1198 | D:2      | Found a sacrificial altar of Ru.
  1739 | D:3      | Noticed schammes's ghost (amateur DsFi)
  1756 | D:3      | Reached skill level 1 in Polearms
  1756 | D:3      | Reached XP level 4. HP: 17/30 MP: 7/7
  2405 | D:3      | HP: 1/30 [adder (1)]
  2406 | D:2      | Succumbed to a kobold's poison

Skill      XL: |  1  2  3 |
---------------+----------+-----
Dodging        | 3 4 |  4.2
Polearms       | 1 |  1.3
Stealth        | |  2.1
Spellcasting   | |  2.0
Summonings     | |  4.9

Action                   |  1- 3 |  4- 6 || total
-------------------------+-------+-------++-------
Melee: Unarmed           |     8 |       ||     8
       Short sword       |     1 |       ||     1
       Spear             |     5 |    22 ||    27
 Fire: Hunting sling     |   113 |       ||   113
 Cast: Summon Small Mamm |     4 |     7 ||    11
 Stab: Sleeping          |     1 |       ||     1
  Eat: Chunk             |     2 |     2 ||     4
Armor: Leather armour    |     7 |    10 ||    17
Dodge: Dodged            |    27 |    27 ||    54
